 Dungeon Crawl Stone Soup version 0.28-a0-1312-g71652a0310 (webtiles) character file.

Game seed: 16788021433870853242

121 bearlyready the Slasher (level 4, -11/39 HPs)
             Began as a Minotaur Cinder Acolyte on Dec 27, 2021.
             Was a High Priest of Ignis.
             Killed from afar by Ijyb (32 damage)
             ... with a bolt of acid
             ... on level 3 of the Dungeon.
             The game lasted 00:02:44 (2365 turns).

bearlyready the Slasher (Minotaur Cinder Acolyte)   Turns: 2365, Time: 00:02:44

Health: -11/39     AC:  6    Str: 20    XL:     4   Next: 77%
Magic:  4/4        EV:  5    Int: 11    God:    Ignis [*****.]
Gold:   39         SH:  0    Dex:  6    Spells: 5/5 levels left

rFire   + . .      SeeInvis .   a - -1 falchion (flame)
rCold   . . .      Faith    .   (no shield)
rNeg    . . .      Spirit   .   g - +0 plate armour
rPois   .          Reflect  .   (helmet restricted)
rElec   .          Harm     .   (no cloak)
rCorr   .          Rampage  .   (no gloves)
Will    .....                   (no boots)
Stlth   ..........              (no amulet)
HPRegen 0.13/turn               (no ring)
MPRegen 0.09/turn               (no ring)

@: corroded
A: horns 2, retaliatory headbutt
a: Renounce Religion, Fiery Armour, Foxfire Swarm, Rising Flame


You were on level 3 of the Dungeon.
You worshipped Ignis.
Ignis was extremely pleased with you.
You visited 1 branch of the dungeon, and saw 3 of its levels.

You collected 39 gold pieces.

Inventory:

Hand Weapons
 a - a -1 falchion of flaming (weapon)
 i - a +0 long sword
 l - a +0 hunting sling
Missiles
 h - 8 boomerangs (quivered)
 j - 66 stones
Armour
 b - a +0 robe
 c - a +0 ring mail
 g - a +0 plate armour (worn)
Scrolls
 d - a scroll of teleportation {unknown}
 e - 2 scrolls of identify {unknown}
Potions
 f - a potion of curing {unknown}
 k - 2 potions of attraction {unknown}
 m - a potion of brilliance {unknown}


   Skills:
 - Level 3.6 Fighting
 + Level 6.7 Long Blades
 - Level 1.0 Spellcasting
 - Level 2.1 Fire Magic


You had 5 spell levels left.
You didn't know any spells.
Your spell library contained the following spells:

 Spells                   Type           Power      Damage    Failure   Level
 Scorch                   Fire           10%        2d5       100%        2
 Static Discharge         Conj/Air       0%         N/A       100%        2
 Lightning Bolt           Conj/Air       0%         1d11      100%        5
 Maxwell's Capacitive Co  Air            0%         ∞         100%        8


Dungeon Overview and Level Annotations

Branches:
Dungeon (3/15)

Altars:

Annotations:
D:3 Ijyb


Innate Abilities, Weirdness & Mutations

You have a pair of horns on your head.
You reflexively headbutt those who attack you in melee.


Message History

Flames leap up around you! Ijyb hits you with a +0 club.
You hit Ijyb but do no damage.
The foxfire hits Ijyb but does no damage. x2
The foxfire hits Ijyb.
Ijyb resists.
Ijyb is lightly wounded.
The foxfire hits Ijyb but does no damage.
Ijyb is lightly wounded.
The foxfire hits Ijyb but does no damage.
Ijyb is lightly wounded.
The foxfire hits Ijyb.
Ijyb resists.
Ijyb is lightly wounded.
The foxfire hits Ijyb.
Ijyb resists.
Ijyb is moderately wounded.
The foxfire hits Ijyb but does no damage.
Ijyb is moderately wounded.
The foxfire hits Ijyb.
Ijyb resists.
Ijyb is moderately wounded.
The foxfire hits Ijyb.
Ijyb completely resists.
Ijyb is moderately wounded.
The foxfire hits Ijyb.
Ijyb completely resists.
Ijyb is moderately wounded.
The foxfire hits Ijyb but does no damage.
Ijyb is moderately wounded.
The foxfire hits Ijyb but does no damage.
Ijyb is moderately wounded.
The foxfire hits Ijyb but does no damage.
Ijyb is moderately wounded.
The foxfire hits Ijyb but does no damage.
Ijyb is moderately wounded.
The foxfire hits Ijyb but does no damage.
Ijyb is moderately wounded.
The foxfire hits Ijyb.
Ijyb resists.
Ijyb is moderately wounded.
The foxfire hits Ijyb but does no damage.
Ijyb is moderately wounded.
The foxfire hits Ijyb but does no damage.
Ijyb is moderately wounded.
Ijyb zaps a wand.
The bolt of acid hits you!!
Ouch! That really hurt!
You die...

#........ #...........
#...........
#...........
#...........
########..§........ ##
###........§§§v§.....
8###8#.######.§§...§....
.......# #)§v@g....!.
......## #.§§vv.§....
......# #..§§§§§..[..
......# #.##+#.######
......# #. .# ..[...# #.
.# ......# #. .# ......#
.# ......#


You could see Ijyb (ally target).

Vanquished Creatures
  Terence (D:3)
  5 adders (D:2)
  2 dart slugs (D:1)
  4 ball pythons
  3 endoplasms
  2 giant cockroaches (D:2)
  3 goblins
  2 hobgoblins
  8 jackals
  4 kobolds
  A quokka (D:2)
  5 bats
  2 frilled lizards
  5 rats
47 creatures vanquished.

Vanquished Creatures (others)
  19 foxfires (D:3)
  A fungus (D:2)
  9 plants (D:2)
29 creatures vanquished.

Grand Total: 76 creatures vanquished

Notes
Turn   | Place    | Note
-------+----------+-------------------------------------------
     0 | D:1      | bearlyready the Minotaur Cinder Acolyte began the quest for
                  | the Orb.
     0 | D:1      | Reached XP level 1. HP: 19/19 MP: 1/1
    66 | D:1      | Reached skill level 4 in Long Blades
   403 | D:1      | Reached XP level 2. HP: 19/26 MP: 2/2
  1179 | D:2      | Reached skill level 5 in Long Blades
  1264 | D:2      | Reached XP level 3. HP: 28/31 MP: 3/3
  1480 | D:2      | Reached skill level 6 in Long Blades
  1480 | D:2      | Reached XP level 4. HP: 39/39 MP: 4/4
  1785 | D:2      | Found a faded altar of an unknown god.
  2214 | D:3      | Noticed Terence
  2220 | D:3      | Killed Terence
  2358 | D:3      | Noticed Ijyb
  2365 | D:3      | Killed from afar by Ijyb

Illustrated notes

Levels and vault maps discovered:
D:1:      giann_horns, layout_loops_cross
D:2:      layout_loops_ring, shapermc_ecumenical_altar_mp_ritualfount,
          minmay_pentomino_v2
D:3:      layout_basic, serial_corexii_hall, chequers_hall_statues_wall_a,
          chequers_hall_statues_wall_a, uniq_terence, uniq_crazy_yiuf_cottage,
          uniq_ijyb

Skill      XL: |  1  2  3 |
---------------+----------+-----
Long Blades    | 4 5 6 |  6.7
Fighting       | |  3.6
Spellcasting   | |  1.0
Fire Magic     | |  2.1

Action                   |  1- 3 |  4- 6 || total
-------------------------+-------+-------++-------
Melee: Falchion          |    80 |    38 ||   118
       Headbutt          |     7 |     6 ||    13
Invok: Foxfire Swarm     |       |     1 ||     1
Armor: Ring mail         |    17 |       ||    17
       Robe              |     1 |       ||     1
       Plate armour      |    17 |    21 ||    38
Dodge: Dodged            |    40 |     9 ||    49

Table legend: (Time is in decaauts)
 A = Elapsed time spent in this place.
 B = Non-inter-level travel time spent in this place.
 C = Inter-level travel time spent in this place.
 D = Time resting spent in this place.
 E = Time spent auto-exploring this place.
 F = Levels seen in this place.
 G = Mean time per level.
                   A        B        C        D        E       F      G
               +--------+--------+--------+--------+--------+-----+--------+
         Total |   2367 |   2268 |     99 |      0 |   1953 |   3 |  789.0 |
       Dungeon |   2367 |   2268 |     99 |      0 |   1953 |   3 |  789.0 |
               +--------+--------+--------+--------+--------+-----+--------+

Top non-repeatable levels by time:
     D:1: 1173 daAuts
     D:2: 911 daAuts
     D:3: 282 daAuts
